[Event "Romanian Team Blitz Open 2022"]
[Site "Sebes"]
[Date "2022.12.04"]
[Round "2.15"]
[White "Chiheri, Alexandru-Virgil"]
[Black "Nastore, Pavel-Alexandru"]
[Result "0-1"]
[ECO "B90"]
[WhiteElo "1937"]
[BlackElo "2218"]
[Annotator "TA"]
[PlyCount "58"]
[EventDate "2022.12.04"]
[EventType "blitz"]
[EventCountry "ROU"]
[SourceTitle "playchess.com"]
[Source "ChessBase"]
[SourceQuality "1"]
[TimeControl "180+2"]

1. e4 c5 2. Nf3 d6 3. d4 cxd4 4. Nxd4 Nf6 5. Nc3 a6 6. Qd3 {[%emt 0:00:02] B90: Sicilian Najdorf: Unusual White 6th moves, 6 Be3 Ng4 and 6 Be3 e5.} e5 7. Nb3 {[%emt 0:00:02] [#]} h6 $146 ({Predecessor:} 7... Nc6 8. Bg5 Be7 9. O-O-O Be6 10. Bxf6 gxf6 11. Nd5 Rc8 12. Kb1 b5 13. Be2 Bxd5 14. Qxd5 Nb4 15. Qd2 d5 16. c3 Nc6 17. exd5 {1-0 (17) Fawzy,A (2467)-Maksimenko,V (2239) Chess.com INT 2021}) 8. f3 {[%emt 0:00:02] White is slightly better.} Be6 9. Be3 Nbd7 10. O-O-O Rc8 11. Kb1 Be7 12. g4 b5 13. Qd2 (13. h4 $5 ) 13... Nb6 14. Qf2 {[%emt 0:00:02] [#]} (14. Bd3 $11) 14... Nc4 (14... Rxc3 $1 $15 {keeps the upper hand.} 15. Bxb6 (15. bxc3 Na4 $15) 15... Rxf3 16. Qxf3 Qxb6) 15. Bc1 (15. Bxc4 $16 Bxc4 16. h4) 15... Qc7 16. Bd3 (16. h4 $11) 16... Rb8 (16... b4 $1 $15 17. Na4 Rb8) 17. h4 $1 $11 a5 (17... b4 $11 18. Ne2 h5) 18. g5 $16 Nh5 19. Ne2 (19. gxh6 $16 gxh6 20. f4) 19... a4 $15 20. Nd2 Na5 {[%emt 0:00:02] Black has more active pieces.} (20... a3 $17 {White must now prevent ...Nxb2.} 21. b3 {[#]} Qa5 $1) 21. f4 $14 exf4 22. Nxf4 (22. Nf3 $1 $14) 22... Nxf4 $11 23. Qxf4 b4 (23... Nc6 $5 ) 24. b3 axb3 25. cxb3 Qc3 (25... Qc5 $11) 26. Nf3 (26. Qe3 $16 {Strongly threatening Bb2.} Qc5 27. Nf3) 26... hxg5 $40 {[%emt 0:00:02][%mdl 128] Black is up to no good. Really sharp!} (26... Nxb3 $2 27. Bb2 Qc5 28. axb3 Bxb3 29. Bxg7 hxg5 30. hxg5 $18) 27. hxg5 (27. Qh2 $11) 27... Rxh1 $19 28. Rxh1 Qxd3+ 29. Ka1 {[%emt 0:00:02] [#]} Nxb3+ $1 {[%emt 0:00:02] Weighted Error Value: White=0.64/Black=0.27 (precise)} 0-1

[Event "Romanian Team Blitz Open 2022"]
[Site "Sebes"]
[Date "2022.12.04"]
[Round "2.16"]
[White "Ciorgovean, Iustin"]
[Black "Duma, Ioan-Gheorghe"]
[Result "1-0"]
[ECO "C11"]
[WhiteElo "2319"]
[BlackElo "1782"]
[Annotator "TA"]
[PlyCount "50"]
[EventDate "2022.12.04"]
[EventType "blitz"]
[EventCountry "ROU"]
[SourceTitle "playchess.com"]
[Source "ChessBase"]
[SourceQuality "1"]
[TimeControl "180+2"]

1. e4 e6 2. d4 d5 3. Nc3 Nf6 4. e5 Nfd7 5. f4 c5 6. Nf3 f6 {[%emt 0:00:01] C11: French: Classical System: 4 e5 and 4 Bg5 dxe4.} (6... Nc6 $11 {remains equal.}) 7. exf6 {[%emt 0:00:16] [#] White is more active.} ({White should try} 7. f5 $16 cxd4 8. Nxd4 Nxe5 9. Qh5+ (9. Nxe6 Bxe6 10. fxe6 d4 $15) (9. fxe6 Nbc6 $11) 9... Ke7 10. fxe6 Bxe6 11. Bf4) 7... gxf6 $146 (7... Nxf6 $14 8. Be3 cxd4 9. Nxd4 Nc6) ({Predecessor:} 7... Nxf6 8. Be3 cxd4 9. Nxd4 Nc6 10. Qd2 Bb4 11. Bd3 Qc7 12. O-O-O Bd7 13. Rhe1 O-O-O 14. a3 {½-½ (37) Novak,K (2107)-Ocepek,M (2101) Slovenia 2016}) 8. Be3 (8. f5 $18 {and White stays clearly on top.} Qb6 9. Be2) 8... c4 (8... f5 $16) 9. f5 $18 Nb6 10. fxe6 (10. a4 $18) 10... Bxe6 $16 {[%emt 0:00:01] [#]} 11. Be2 ({Better is} 11. Nh4 $1) 11... Nc6 {[%emt 0:00:04] [#]} (11... Bg7 $16 {might work better.}) 12. O-O (12. Nh4 $1 $18) 12... Qe7 13. Qd2 h5 14. Nh4 Qg7 {[%emt 0:00:34] Prevents Ng6.} 15. Rae1 O-O-O 16. Kh1 Rg8 (16... Bb4 $16) 17. Nd1 Bd6 18. Bf4 Bb4 (18... Bxf4 $142 19. Qxf4 Qg5) 19. c3 $18 Be7 20. g3 (20. Bxh5 $18 {has better winning chances.} Qh7 21. Rxe6 Qxh5 22. Bg3) 20... Bg4 (20... Bh3 $16 {keeps fighting.} 21. Nf2 Bxf1 22. Bxf1 Rde8 23. Bh3+ Kd8) 21. Ne3 {[%emt 0:00:03] Black must now prevent Nxg4.} Qh7 22. Bxg4+ {[%emt 0:00:21] White has a decisive advantage.} hxg4 23. Nef5 Bf8 24. Qe2 Rd7 25. Qe6 Nd8 {[%emt 0:00:05] Weighted Error Value: White=0.37/Black=0.61} 1-0

[Event "Romanian Team Blitz Open 2022"]
[Site "Sebes"]
[Date "2022.12.04"]
[Round "2.17"]
[White "Patrascu, Catalin-Lucian"]
[Black "Stefan, Romulus-Cristian"]
[Result "1-0"]
[ECO "B08"]
[WhiteElo "2279"]
[BlackElo "2097"]
[Annotator "TA"]
[PlyCount "47"]
[EventDate "2022.12.04"]
[EventType "blitz"]
[EventCountry "ROU"]
[SourceTitle "playchess.com"]
[Source "ChessBase"]
[SourceQuality "1"]
[TimeControl "180+2"]

1. e4 d6 2. d4 Nf6 3. Nc3 g6 4. Nf3 Bg7 5. Be2 O-O 6. O-O Bg4 7. Re1 Nc6 8. Be3 e5 {[%emt 0:00:03] B08: Pirc Defence: Classical System.} 9. d5 Bxf3 10. Bxf3 {[%emt 0:00:01] [#]} Nd4 $146 {[%emt 0:00:00] White is slightly better.} ({Predecessor:} 10... Ne7 11. Qd2 Kh8 12. Rad1 Neg8 13. h3 a6 14. a4 Rb8 15. Na2 Qe8 16. b3 Ne7 {½-½ (44) Thiessen,K (1894)-Bock,R (1226) Eckernfoerde 2007}) 11. g3 (11. Bxd4 $14 exd4 12. Qxd4) 11... Nd7 (11... Nxf3+ $11 12. Qxf3 Nd7) 12. Bg2 $14 a5 (12... f5 $14) 13. Ne2 (13. Nb1 $16) 13... Nxe2+ $1 $11 14. Qxe2 a4 15. b4 {[%emt 0:00:17] White is more active.} f5 16. f3 f4 17. Bf2 a3 ({Black should try} 17... Nf6 $14) 18. c4 $16 Ra4 ({Black should play} 18... Nf6) 19. Rab1 Nf6 20. g4 Nd7 (20... b6 $16 {was necessary.}) 21. Rec1 (21. c5 $18) 21... Bf6 (21... b6 $16) 22. c5 $18 Bh4 $2 {[%emt 0:00:01] [#]} (22... b6 23. Qb5 Ra7 24. cxd6 cxd6) 23. Bxh4 Qxh4 24. Qb5 {[%emt 0:00:01][%csl LRa4,LRb7,LRd7] Weighted Error Value: White=0.19 (very precise) /Black=0.57} 1-0

[Event "Romanian Team Blitz Open 2022"]
[Site "Sebes"]
[Date "2022.12.04"]
[Round "2.18"]
[White "Arion, Ilie"]
[Black "Creanga, Robert-Ionut"]
[Result "1-0"]
[ECO "A08"]
[WhiteElo "1924"]
[BlackElo "2190"]
[Annotator "TA"]
[PlyCount "88"]
[EventDate "2022.12.04"]
[EventType "blitz"]
[EventCountry "ROU"]
[SourceTitle "playchess.com"]
[Source "ChessBase"]
[SourceQuality "1"]
[TimeControl "180+2"]

1. g3 c5 2. Bg2 Nc6 3. d3 d5 4. Nf3 e5 5. O-O Bd6 6. e4 d4 7. Nbd2 Nge7 {[%emt 0:00:07] A08: King's Indian Attack.} 8. Nc4 Bc7 9. a4 O-O {[%emt 0:00:05] Black is slightly better.} 10. Ne1 Be6 11. b3 $1 {[%emt 0:00:01] [#]} a6 $146 ({Predecessor:} 11... Rb8 12. f4 f5 13. fxe5 fxe4 14. Rxf8+ Qxf8 15. Bxe4 Nxe5 16. Nxe5 Bxe5 17. Qe2 Nf5 {½-½ (58) Sheynina,Y-Seidemann,U (2090) Germany 1996}) 12. f4 b5 {[%emt 0:00:09] Against f5} (12... exf4 $15 13. Bxf4 f6) 13. Nd2 (13. axb5 $11 axb5 14. Rxa8 Qxa8 15. f5) 13... f6 14. f5 Bf7 15. g4 Ba5 16. Nef3 Bc3 17. Rb1 (17. Ra3 $15) 17... g5 $2 (17... Nb4 $17 18. g5 Nec6 19. gxf6 gxf6) 18. fxg6 ({White should play} 18. h4 $1 $16 ) 18... Nxg6 $15 (18... hxg6 19. g5 f5 20. exf5 Nxf5 21. Ne4 $14) 19. Bb2 (19. axb5 $15 axb5 20. Rf2) 19... Nf4 20. Rf2 Be6 21. h3 Kh8 (21... h5 $1 $19 22. Nh4 hxg4) 22. Bxc3 (22. axb5 $17 axb5 23. Bc1) 22... dxc3 $19 23. Nf1 Nd4 (23... h5 $142 24. gxh5 Rg8) 24. Ng3 $17 Rg8 25. Nh4 {[%emt 0:00:10] Inhibits h5.} (25. Nxd4 $15 cxd4 26. Ra1) 25... Rb8 26. axb5 axb5 27. Qe1 $2 {[%emt 0:00:05][%mdl 8192] [#]} (27. Qf1 $17) 27... b4 (27... Bxg4 $142 $1 28. hxg4 Rxg4) 28. Nhf5 {[%emt 0:00:09] [#]} (28. Qf1 {was worth a try.}) 28... Ra8 $2 (28... Nxb3 $1 $19 {[%mdl 512] And now ...Nd2 would win.} 29. Ne2 (29. cxb3 $2 Nxd3 30. Qe2 Nxf2 $19) 29... Nxe2+ 30. Rxe2 Nd4 31. Nxd4 exd4) 29. Ra1 $2 (29. Nxd4 $1 $15 cxd4 30. Ne2) 29... Rxa1 30. Qxa1 Qa8 31. Qb1 {[%emt 0:00:01] [#]} Qa3 $2 (31... Nxc2 $1 $19 32. Rxc2 (32. Qxc2 $2 Qa3 $19) 32... Qa3) 32. Nxd4 $1 $11 cxd4 33. Ne2 (33. Qf1 $1 $15) 33... Nxe2+ $17 34. Rxe2 Ra8 {[%emt 0:00:00] aiming for ...Qb2.} 35. Qf1 (35. Re1 $17) 35... Kg7 $19 36. Rf2 (36. Kh2 $142) 36... Qb2 ({Weaker is} 36... Rf8 37. g5 $16) 37. Kh2 {[%emt 0:00:09] [#]} (37. Rxf6 $2 {too greedy.} Ra1 38. Rxe6 Rxf1+ 39. Bxf1 Qxc2 40. Re7+ Kf6 $19) 37... Ra1 $2 ({Better is} 37... Qa1 $1 $19 {Threatens to win with ...Ra2.} 38. g5 (38. Rxf6 $2 {is the wrong capture.} Qxf1 39. Rxf1 Bxb3 $19) 38... fxg5) 38. Qe2 $11 {White wants to mate with Qf3.} h6 $2 (38... Qc1 $15 39. Rf1 Qa3) 39. Qf3 f5 40. gxf5 (40. exf5 $142 e4 41. Qxe4 Qc1 42. fxe6 Qg1+ 43. Kg3 Qxf2+ 44. Kxf2 Kf6 45. Qf5+ Ke7 46. Qf7+ Kd6 47. e7) 40... Bxb3 41. cxb3 (41. f6+ $142 Kf8 42. Qg4 Ra7 43. Qc8+ Kf7 44. Bf3 Kxf6 45. Bh5+ Ke7 46. Qc5+ Kd8 47. Qd6+ Kc8 48. Rf8+ Kb7 49. Rb8#) 41... Qxb3 42. Qg4+ (42. f6+ $142 Kf8 43. Qf5 Qf7 44. Qxe5 Kg8 45. Qb8+ Qf8 46. f7+ Kg7 47. Qg3+ Kh7 48. e5) 42... Kf8 43. f6 Ra2 44. Qg7+ Ke8 {[%emt 0:00:05] What a bad dream for Black.   Weighted Error Value: White=0.50/Black=1.11} 1-0

[Event "Romanian Team Blitz Open 2022"]
[Site "Sebes"]
[Date "2022.12.04"]
[Round "2.19"]
[White "Butolo, Alexandru-Mircea"]
[Black "Craciun, Ovidiu"]
[Result "1-0"]
[ECO "C45"]
[WhiteElo "2043"]
[BlackElo "1857"]
[Annotator "TA"]
[PlyCount "113"]
[EventDate "2022.12.04"]
[EventType "blitz"]
[EventCountry "ROU"]
[SourceTitle "playchess.com"]
[Source "ChessBase"]
[SourceQuality "1"]
[TimeControl "180+2"]

1. e4 e5 2. Nf3 Nc6 3. d4 exd4 4. Nxd4 Nf6 5. Nxc6 bxc6 6. e5 Qe7 7. Qe2 Nd5 8. h4 (8. c4 $5 Nb6 9. b3 $11) 8... Qe6 {[%emt 0:00:21] C45: Scotch Game.} 9. g3 (9. Nd2 {simplifies} d6 10. Nf3 dxe5 11. Qxe5 Qxe5+ 12. Nxe5 Nb4 13. Bd3) 9... Bc5 (9... d6 {simplifies} 10. c4 Nb6 11. Bf4 dxe5 12. Qxe5 Bb4+) 10. Bh3 {[%emt 0:00:10] [#]} Qg6 $146 {[%emt 0:00:18][%mdl 8192] [#]} (10... f5 $11 {and Black stays safe.}) ({Predecessor:} 10... Qe7 11. Nd2 O-O 12. O-O d6 13. Bg2 dxe5 14. Nb3 Bb6 15. c4 Ba6 16. Qc2 Nb4 17. Qc3 Rad8 18. c5 Nd5 19. Qc2 Nb4 {½-½ (19) Doric,N (2444)-Kazmin,A (2422) ICCF email 2020}) 11. h5 $1 $18 Ba6 12. hxg6 (12. Qxa6 $2 {is the wrong capture.} Qe4+ 13. Qe2 Qxh1+ 14. Qf1 Qh2 $19) 12... Bxe2 13. gxf7+ Kxf7 14. Kxe2 d6 15. e6+ Kg6 16. Nc3 Nb4 17. f4 {[%emt 0:00:02][%cal Bf2f4,Bf4f5][%mdl 32] Strongly threatening f5+.} Nxc2 18. f5+ Kf6 19. Ne4+ Ke7 20. Bg5+ Ke8 21. Rac1 Nd4+ 22. Kd3 Bb6 23. Be3 c5 24. Bxd4 cxd4 25. f6 gxf6 26. Nxf6+ Ke7 27. Nd5+ Kf8 28. e7+ (28. Rcf1+ $142 Kg7 29. Rf7+ Kg6 30. Bf5+ Kg5 31. Rg7+ Kxf5 32. Rh5+ Kxe6 33. Re7#) 28... Kg7 29. Nxb6 axb6 30. Bd7 c5 31. e8=Q Rhxe8 32. Bxe8 Rxe8 33. Rce1 Ra8 34. a3 Rf8 35. Re7+ Kg6 36. Re6+ Kg5 37. Rxd6 Rf3+ 38. Kc4 Rxg3 39. Rxb6 h5 40. Rb8 {[%emt 0:00:00] White threatens Rg8+ and mate.} Kf4 41. Rf8+ Ke3 42. Re8+ (42. Rxh5 $142 d3 43. Kxc5 Rg2 44. Rh3+ Ke2 45. Re8+ Kf1 46. Rh1+ Kf2 47. Rd1 Rg5+ 48. Kc4) 42... Kd2 43. Rxh5 {[%emt 0:00:00] White mates.} Rg2 44. Kxc5 d3 45. b4 Kc3 46. Re3 Kc2 {[%emt 0:00:02] [#]} 47. Rxd3 $3 Kxd3 {[%emt 0:00:01] KR-KR} 48. Kb5 Kd4 49. Rc5 Ra2 50. a4 Ra3 51. Rc8 Rh3 52. Kb6 Rh6+ 53. Rc6 Rh7 54. b5 Kd5 55. a5 Rh8 56. Rc7 Rh6+ 57. Kb7 {[%emt 0:00:00] Black did not feel at home in the position after the opening.   Weighted Error Value: White=0.09 (flawless) /Black=1.02} 1-0

[Event "Romanian Team Blitz Open 2022"]
[Site "Sebes"]
[Date "2022.12.04"]
[Round "2.20"]
[White "Stefan, Iulia-Cristiana"]
[Black "Prelipcean, Eric-Matei"]
[Result "0-1"]
[ECO "B23"]
[WhiteElo "1662"]
[BlackElo "1909"]
[Annotator "TA"]
[PlyCount "81"]
[EventDate "2022.12.04"]
[EventType "blitz"]
[EventCountry "ROU"]
[SourceTitle "playchess.com"]
[Source "ChessBase"]
[SourceQuality "1"]
[TimeControl "180+2"]

1. e4 c5 2. Nc3 a6 3. g3 b5 4. Bg2 Bb7 5. d3 g6 6. Nh3 {[%emt 0:00:01] B23: Closed Sicilian: Lines without g3.} Bg7 7. O-O e6 8. f4 {[%emt 0:00:10] The position is equal.} Ne7 9. f5 gxf5 (9... Bd4+ $14 10. Kh1 Nbc6) 10. Qh5 $16 {[%emt 0:00:06] [#] aiming for Ng5.} Nbc6 $146 {[%emt 0:00:31] [#]} (10... Qb6 $16 {might work better.}) ({Predecessor:} 10... b4 11. exf5 Bd4+ 12. Kh1 Bxg2+ 13. Kxg2 Nxf5 14. Rxf5 exf5 15. Bg5 Qb6 16. Re1+ Kf8 {1-0 (30) Selbes,T (2260)-Jankowiak,T (2169) Szklarska Poreba 2021}) 11. Bh6 $2 (11. Ng5 Bd4+ 12. Kh1 Ne5 $16) ({White has to play} 11. exf5 $1 $18 Nxf5 12. g4 (12. Rxf5 exf5 13. Bg5 Qc7 $16)) 11... Bxh6 $14 12. Qxh6 {[%emt 0:00:02] Strongly threatening Ng5.} Qb6 13. Kh1 (13. Ng5 $14) 13... O-O-O $15 14. Ng5 {[%emt 0:00:36] [#]} (14. exf5 $15 Nd4 15. fxe6 Bxg2+ 16. Kxg2 fxe6 17. Qd2) 14... Ne5 $1 $17 15. Rae1 (15. Nxh7 $2 Rdg8 16. h3 fxe4 17. dxe4 N7c6 $19) 15... Ng4 {[%emt 0:00:27] Against Qf6} (15... Rdf8 $17 16. Qf6 N7g6) 16. Qh5 $11 c4 17. Nxf7 Nf2+ {[%emt 0:00:02] [#]} (17... cxd3 $1 $14 18. Qg5 (18. Nxd8 Kxd8 19. cxd3 Nf2+ 20. Rxf2 Qxf2 $11) 18... Nf2+ 19. Rxf2 Qxf2) 18. Rxf2 $1 $16 Qxf2 19. Re2 (19. Nd6+ $16 Kb8 20. Rf1) 19... Qd4 20. Nxd8 (20. Qg5 $14 {is superior.} cxd3 21. cxd3) 20... cxd3 21. cxd3 {[%emt 0:00:01] Nxb7 is the strong threat.} (21. Nxb7 $5 dxe2 22. Qxe2 $11) 21... Rxd8 (21... Kxd8 $11 22. exf5 Bxg2+ 23. Kxg2 Nxf5) 22. Rd2 (22. Qxh7 $16 Qd6 23. a3) 22... Qg7 23. Rc2 Kb8 24. Qf3 fxe4 25. dxe4 (25. Nxe4 $5 Qd4 26. h3 $11) 25... Nc6 26. Qe3 (26. Ne2 $11) 26... Qd4 $1 $15 27. Qe2 Qb6 28. a3 Ka7 {[%emt 0:00:05] And now ...Nd4 would win.} 29. Rd2 d6 30. h3 Ne5 31. Nd1 Nc4 32. Rd3 Qc5 33. b4 Qg5 34. Kh2 d5 ({Black should try} 34... Ka8 $15) 35. Qf2+ Ka8 {[%emt 0:00:02] Active counter play!} (35... Kb8 $1 $11) 36. exd5 $14 Bxd5 37. Bxd5+ exd5 38. Qg2 Kb8 39. Nc3 d4 ({Don't do} 39... Nxa3 40. Rxd5 (40. Nxd5 Nc4 $11) 40... Rxd5 41. Nxd5 $11 (41. Qxd5 Qxd5 42. Nxd5 Kb7 $15)) 40. Ne4 Qd5 {[%emt 0:00:01] White must now prevent ...Ne5.} 41. Nc5 {[%emt 0:00:05] Weighted Error Value: White=0.30/Black=0.27 (precise)} 0-1

[Event "Romanian Team Blitz Open 2022"]
[Site "Sebes"]
[Date "2022.12.04"]
[Round "2.21"]
[White "Dragomirescu, Robin-Alexandru"]
[Black "Stanca, Adrian"]
[Result "1-0"]
[ECO "A01"]
[WhiteElo "2337"]
[BlackElo "2182"]
[Annotator "TA"]
[PlyCount "135"]
[EventDate "2022.12.04"]
[EventType "blitz"]
[EventCountry "ROU"]
[SourceTitle "playchess.com"]
[Source "ChessBase"]
[SourceQuality "1"]
[TimeControl "180+2"]

1. b3 g6 2. Bb2 Nf6 3. Bxf6 exf6 4. c4 d5 5. cxd5 Qxd5 6. Nc3 {[%emt 0:00:01] A01: Nimzowitsch-Larsen Opening.} Qa5 7. g3 Bg7 (7... Bb4 $15 8. Na4 Ba3) 8. Bg2 {[%emt 0:00:10] The position is equal.} c6 9. Nf3 O-O 10. O-O f5 11. Qc2 Be6 {[%emt 0:00:19] [#]} 12. a3 $146 ({Predecessor:} 12. d4 Nd7 13. e3 Nf6 14. a3 Nd5 15. b4 Qd8 16. Na4 Qe7 17. Nc5 Bc8 18. Rab1 {1-0 (37) Sadhwani,R (2555)-Eynullayev,A (2227) Chess.com INT 2021}) 12... Nd7 13. b4 Qd8 14. Rac1 Rc8 15. Na4 Bd5 16. Nc3 Nb6 17. Nxd5 Nxd5 18. Qb3 f4 19. e4 fxe3 20. dxe3 Qe7 21. b5 Rfd8 22. bxc6 Rxc6 23. Rxc6 bxc6 24. Rc1 {[%emt 0:00:06] Against Nc3} Qd7 25. Qc4 Nb6 26. Qc2 c5 27. Bf1 $1 {[%emt 0:00:18] Against c4} (27. Qxc5 $2 Rc8 $19) 27... Qd5 28. e4 Qe6 29. Kg2 Bf8 30. a4 Re8 (30... a5 $14) 31. a5 $16 Nd7 32. Re1 Ne5 33. Nd2 Nc6 (33... Rd8 $11) 34. Bc4 $14 Qf6 35. Nf3 $2 {[%emt 0:00:03][%mdl 8192] [#]} (35. Rb1 $14) 35... Nd4 $2 (35... Qxf3+ $3 $19 36. Kxf3 Nd4+ 37. Kg2 Nxc2) 36. Nxd4 Qxd4 37. Bd5 Kg7 38. Rb1 {[%emt 0:00:02] Inhibits Rb8.} c4 39. Rb7 (39. Qxc4 $6 Qxc4 40. Bxc4 Rxe4 $11) (39. Bxc4 $6 Qxe4+ 40. Qxe4 Rxe4 $11) 39... Re7 40. Rb4 (40. Qxc4 $2 {is the wrong capture.} Qxc4 41. Rxe7 {[#]} Qxd5 $3 42. exd5 Bxe7 $19) (40. Rxe7 {simplifies} Bxe7 41. Bxc4 Bd8 42. a6) 40... Rxe4 $2 41. Rxc4 $18 Qxd5 42. Qxe4 Qxa5 $14 {[%emt 0:00:04][%mdl 4096] Endgame KQR-KQB} 43. Qd4+ Kg8 44. Rc8 {[%emt 0:00:02] Qd6 would kill now.} Qa3 {[%emt 0:00:02] Prevents Qd6.} 45. Qd7 Qb4 46. Rc7 ({White should play} 46. Qd5 $18) 46... Qe4+ $16 47. Kh3 Qf3 48. Qd4 ({Don't take} 48. Rxa7 Qxf2 49. Ra1 h5) 48... Qh5+ (48... a5 $16 {might work better.} 49. Ra7 Qh1) 49. Kg2 $18 Qf5 50. Qf4 (50. Rxa7 $18 {and White stays clearly on top. Threatens to win with Rd7.} Qc5 51. Qxc5 Bxc5 52. Rc7) 50... Qd5+ ({Black should try} 50... Qxf4 51. gxf4 a5) 51. Qf3 $16 {[%emt 0:00:00] White is more active.} Qe6 (51... Qxf3+ $16 {was called for.} 52. Kxf3 a5) 52. Rxa7 $18 Bd6 53. Ra6 Qe5 54. h4 h5 55. Ra8+ Kg7 56. Ra7 Qe6 57. Qc3+ Be5 58. Qf3 (58. Qe3 $18) 58... Bf6 $2 (58... Bd6 $1 $11 {and Black stays safe.} 59. Qc6 Qe5) 59. Rb7 Qc4 60. Rb6 Qd4 61. Rc6 Qe5 62. Rc4 Qd6 63. Rc8 Qd7 64. Ra8 Qc7 65. Qd5 Qe7 66. Qc6 Bd4 67. Qc8 Kf6 $2 (67... Kh6 68. Qf8+ Qxf8 69. Rxf8 Kg7) 68. Qh8+ {[%emt 0:00:09] Weighted Error Value: White=0.30/Black=0.33} 1-0

[Event "Romanian Team Blitz Open 2022"]
[Site "Sebes"]
[Date "2022.12.04"]
[Round "2.22"]
[White "Coicev, Matei-Andrei"]
[Black "Ionescu, Mihai"]
[Result "1/2-1/2"]
[ECO "B10"]
[WhiteElo "2009"]
[BlackElo "2243"]
[Annotator "TA"]
[PlyCount "49"]
[EventDate "2022.12.04"]
[EventType "blitz"]
[EventCountry "ROU"]
[SourceTitle "playchess.com"]
[Source "ChessBase"]
[SourceQuality "1"]
[TimeControl "180+2"]

1. e4 c6 2. Ne2 d5 3. e5 Bf5 4. Ng3 Bg6 5. h4 h5 6. e6 {[%emt 0:00:01] B10: Caro-Kann: 2 d3 and 2 c4.} fxe6 7. d4 e5 8. dxe5 e6 ({Better is} 8... Nd7 $11) 9. Bd3 $14 Bxd3 10. Qxd3 {[%emt 0:00:01][%cal Og3h5] [#]} Ne7 $146 ({Predecessor:} 10... Qc7 11. Qg6+ Qf7 12. Qxf7+ Kxf7 13. Nd2 Nd7 14. Nf3 Be7 15. Bg5 g6 16. Ne2 Nh6 {0-1 (34) Yang,K (2481)-Bluebaum,M (2642) Chess.com INT 2022}) 11. Bg5 {[%emt 0:00:08] White is much more active.} Nd7 12. Nd2 $1 Nxe5 13. Qe3 Nf7 14. Qxe6 Qd7 15. Qxd7+ Kxd7 {[%emt 0:00:01] The position is equal.} 16. Be3 g6 17. O-O-O Bh6 18. Bxh6 Nxh6 19. Rhe1 Nhf5 20. Nxf5 Nxf5 21. g3 Rhe8 22. Ne4 {[%emt 0:00:29] [#] Strongly threatening Nf6+.} Kc7 23. Ng5 Nd6 24. Ne6+ Kd7 25. Nf4 {[%emt 0:00:03] Weighted Error Value: White=0.06 (flawless) /Black=0.08 (flawless)} 1/2-1/2

[Event "Romanian Team Blitz Open 2022"]
[Site "Sebes"]
[Date "2022.12.04"]
[Round "2.23"]
[White "Dragomirescu, Calin"]
[Black "Danila, Tudor-Gabriel"]
[Result "1-0"]
[ECO "E18"]
[WhiteElo "1971"]
[BlackElo "1939"]
[Annotator "TA"]
[PlyCount "55"]
[EventDate "2022.12.04"]
[EventType "blitz"]
[EventCountry "ROU"]
[SourceTitle "playchess.com"]
[Source "ChessBase"]
[SourceQuality "1"]
[TimeControl "180+2"]

1. d4 Nf6 2. Nf3 e6 3. c4 d5 4. g3 b6 5. cxd5 exd5 6. Bg2 Bb7 7. Nc3 Be7 8. O-O O-O 9. Bf4 a6 (9... Nh5 $11) 10. Rc1 {[%emt 0:00:01] E18: Queen's Indian: Old Main Line (4 g3 Bb7 5 Bg2 Be7 6 0-0 0-0 7 Nc3).} Nbd7 11. Ne5 Rc8 12. a3 {[%emt 0:00:08] White is much more active. The black rooks are badly placed. White is better.} c5 13. dxc5 Nxc5 {[%emt 0:00:01] [#]} 14. b4 $146 {[%emt 0:00:21] Inhibits d4.} ({Predecessor:} 14. Be3 Qd6 15. Nf3 Ne6 16. Nd4 g6 17. Qb3 b5 18. Rcd1 Rfd8 19. Nxe6 Qxe6 20. Bd4 {½-½ (60) Akopian,V (2605)-Gruenfeld,Y (2545) New York 1994}) 14... Nce4 15. Nxe4 dxe4 16. Rxc8 Qxc8 17. Qc1 Qe6 {[%emt 0:00:40][%cal Og7g5] [#] aiming for ...g5!} 18. Qb2 {[%emt 0:00:17] Against g5} (18. Qc7 $11 Ba8 19. Rc1) 18... Nd7 (18... Nd5 $17 {Hoping for ...g5.} 19. Bxe4 Bf6) 19. Nxd7 $11 Qxd7 20. Rc1 Bf6 21. Qd2 Qa4 (21... Qxd2 {simplifies} 22. Bxd2 Be5 23. f4 exf3 24. Bxf3 Bxf3 25. exf3 f5) 22. Qe3 g6 $2 {[%emt 0:00:09][%mdl 8192] [#]} (22... Bb2 $11 {and Black has nothing to worry.} 23. Rf1 Qc6) 23. h4 $2 (23. Bxe4 Bxe4 24. Qxe4 Qxa3 $16) (23. Qxb6 $18 Rc8 24. Qxb7 Rxc1+ 25. Bxc1 Qd1+ 26. Bf1 Qxc1 27. Qxa6) 23... h5 $2 (23... Bb2 $16 {is a better chance.}) 24. Qxb6 $18 ({Weaker is} 24. Bxe4 Bxe4 25. Qxe4 Qxa3 $16) 24... Ba8 25. Qxf6 {[%emt 0:00:03] White mates.} Qxa3 26. Rf1 Kh7 27. Be5 Rg8 28. Qxf7+ {[%emt 0:00:03] Weighted Error Value: White=0.34/Black=1.12} 1-0

[Event "Romanian Team Blitz Open 2022"]
[Site "Sebes"]
[Date "2022.12.04"]
[Round "2.24"]
[White "Mainescu, Andrei-Cristian"]
[Black "Santimbrean, Mihnea-Nicolae"]
[Result "1-0"]
[ECO "C10"]
[WhiteElo "1860"]
[BlackElo "1491"]
[Annotator "NA RC COMBH"]
[PlyCount "53"]
[EventDate "2022.12.04"]
[EventType "blitz"]
[EventCountry "ROU"]
[SourceTitle "playchess.com"]
[Source "ChessBase"]
[SourceQuality "1"]
[TimeControl "180+2"]

1. e4 e6 2. d4 d5 3. Nd2 Nf6 4. Bd3 dxe4 5. Nxe4 Bd7 6. Nf3 Nxe4 7. Bxe4 Bc6 8. Bd3 h6 9. O-O Bd6 10. Ne5 Qh4 11. f4 Bxe5 12. dxe5 Nd7 13. Be3 Nb6 14. Bf2 Qe7 15. c4 Na4 16. Qe2 Nc5 17. Bc2 Na4 18. b3 Nb6 19. a4 Nd7 20. Rab1 b6 21. Qg4 O-O 22. b4 Bb7 23. Bh4 Qe8 24. Rbe1 c5 25. f5 cxb4 26. f6 g6 27. Qd1 1-0